AoeStats
← Rye

Arabia

510330561Analyzed
1v1 RM · 14h ago on Sep 30, 2026· 40m 6s· 2 players
Game mode
Random Map
Map size
Tiny (2 player)
Population
200
Speed
Normal
Resources
Standard
Victory
Conquest
Starting age
Dark Age
Ending age
Imperial Age
RankedLock teamsTeams togetherTeam positionsShared explorationLock speedFull tech treeHidden civsTurbo modeCheats
Victory
Defeat
🇨🇳 Khitans · China
1644
+13
🇩🇪 Persians · Germany
1572
-13
MyNameIsLassen
6:46 Loom
10:39 Feudal Age
11:06 Double-Bit Axe
22:13 Castle Age
20:29 Horse Collar
21:17 Bloodlines
21:03 Gold Mining
21:42 Forging
23:36 Bow Saw
23:36 Scale Barding Armor
29:58 Wheelbarrow
29:41 Husbandry
30:38 Chain Barding Armor
31:03 Light Cavalry
32:13 Devotion
33:59 Wheelbarrow
37:01 Iron Casting
37:07 Fletching
Rye
6:22 Loom
8:53 Feudal Age
9:32 Double-Bit Axe
10:31 Domestication
19:53 Castle Age
18:45 Forging
19:42 Scale Barding Armor
21:53 Iron Casting
27:29 Husbandry
26:51 Light Cavalry
31:21 Chain Barding Armor
30:34 Light Cavalry
38:00 Imperial Age
38:24 Wheelbarrow
38:20 Heavy Camel Rider
39:15 Elite Steppe Lancer
Connection lost

Rejoining the realm…

Still unreachable

The connection could not be restored.

Session expired

The server has moved on; the page needs a fresh start.